 Dungeon Crawl Stone Soup version 0.31-a0-532-g28f74ba3e5 (webtiles) character file.

Game seed: 9456737243513674383

1380 avis the Cleaver (level 8, 0/66 HPs)
             Began as a Hill Orc Monk on Aug 12, 2023.
             Succumbed to a killer bee's poison
             ... on level 4 of the Dungeon.
             The game lasted 00:23:09 (3636 turns).

avis the Cleaver (Hill Orc Monk)                    Turns: 3636, Time: 00:23:09

Health: 0/66       AC: 19    Str: 19    XL:     8   Next: 66%
Magic:  8/8        EV: 12    Int: 10    God:
Gold:   201        SH: 12    Dex: 13    Spells: 7/7 levels left

rFire   . . .        b - +2 flail (protect)
rCold   . . .        r - +0 kite shield
rNeg    . . .        B - +0 chain mail
rPois   .            t - +0 helmet
rElec   .            D - +0 cloak
rCorr   .            H - +1 pair of gloves {Str+3}
SInv    .            (no boots)
Will    +....        x - amulet of reflection Stlth
                     h - ring of willpower
HPRegen 0.31/turn    y - +5 ring of evasion
MPRegen 0.11/turn

%: reflection
@: lethally poisoned (0 -> -15), under a protective aura
A: no striking features
a: no special abilities


You were on level 4 of the Dungeon.
You visited 1 branch of the dungeon, and saw 4 of its levels.

You collected 201 gold pieces.

Inventory:

Hand Weapons
 a - the +3 spear "Ratanet" {speed, Str+2}
   (You found it on level 2 of the Dungeon)

   Str+2:     It affects your strength (+2).
 b - a +2 flail of protection (weapon)
 q - a +0 hand axe
 s - a +2 dagger of electrocution
 v - a +0 spear
 z - a +1 scimitar of electrocution
 C - a +0 sling
 I - a +0 scythe of distortion
 N - a +0 halberd
 O - a +0 spear
 P - a +0 spear
Armour
 d - an orb of light
 e - a +0 ring mail
 m - a +0 robe
 r - a +0 kite shield (worn)
 t - a +0 helmet (worn)
 B - a +0 chain mail (worn)
 D - a +0 cloak (worn)
 F - a +2 robe of willpower
 H - a +1 pair of gloves of strength (worn)
 J - a +2 robe of willpower
Jewellery
 h - a ring of willpower (left hand)
 x - an amulet of reflection (around neck)
 y - a +5 ring of evasion (right hand)
Wands
 G - a wand of flame (17)
Scrolls
 f - a scroll of immolation {unknown}
 i - 2 scrolls of fear {unknown}
 k - 2 scrolls of identify {unknown}
 l - a scroll of vulnerability {unknown}
 n - a scroll of revelation {unknown}
 p - a scroll of fog {unknown}
 u - 4 scrolls of teleportation {unknown}
 w - a scroll of blinking {unknown}
 A - a scroll of silence {unknown}
 E - a scroll of noise {unknown}
 L - a scroll of acquirement {unknown}
Potions
 g - 5 potions of curing {unknown}
 j - 2 potions of attraction {unknown}
 o - 2 potions of resistance {unknown}
 K - a potion of enlightenment {unknown}
 M - a potion of invisibility {unknown}
 Q - 2 potions of might {unknown}


   Skills:
 - Level 4.0 Fighting
 * Level 13.4 Axes
 - Level 2.0 Armour
 - Level 2.4 Dodging
 - Level 1.0 Shields


You had 7 spell levels left.
You didn't know any spells.
Your spell library contained the following spells:

 Spells                   Type           Power      Damage    Failure   Level
 Sandblast                Erth           0%         2d4       100%        1
 Passwall                 Tmut/Erth      0%         N/A       100%        2
 Stone Arrow              Conj/Erth      0%         3d7       100%        3


Dungeon Overview and Level Annotations

Branches:
Dungeon (4/15)
 Temple: D:4-7

Altars:
Cheibriados
Qazlal
Sif Muna


Message History

Pikel hits you with a +0 whip of flaming.
* * * LOW HITPOINT WARNING * * *
Pikel burns you.
* * * LOW HITPOINT WARNING * * *
You block the lemure's attack. The lemure closely misses you.
You hit Pikel but do no damage.
Pikel is severely wounded.
The orc hits you but does no damage. Pikel closely misses you.
The lemure barely misses you. You block the lemure's attack.
The orc misses you.
You sock Pikel!
You kill Pikel!
With Pikel's spell broken, his former minions thank you for their freedom.
The lemure departs this earthly plane. x3; The killer bee closely misses you.
You block the killer bee's attack. The orc misses you.
You block the killer bee's attack. The killer bee misses you.
Training target 2.0 for Armour reached!
Your Axes skill gained 2 levels and is now at level 13!
Your Armour skill increases to level 2!
You barely miss the killer bee.
The killer bee stings you but does no damage.
The killer bee barely misses you. You block the orc's attack.
You block the killer bee's attack. The killer bee stings you.
* * * LOW HITPOINT WARNING * * *
You thump the killer bee!
The killer bee is heavily wounded.
You block the killer bee's attack. The killer bee closely misses you.
The killer bee misses you. The killer bee closely misses you.
The orc hits you but does no damage.
You are lethally poisoned!
The orc closely misses you.
The killer bee stings you but does no damage.
The killer bee stings you.
* * * LOW HITPOINT WARNING * * *
You are more poisoned.
The killer bee poisons you! The orc hits you but does no damage.
You block the orc's attack.
You hit the killer bee.
The killer bee is severely wounded.
You die...

÷..........#.#
#....#.#..).......
..##...###.###
#....#..[<........
.##....# ###
#......###.......#
.###..## #......#
##....#.# .# ##.#
#......###..#..###
.####.#
#...........####
##....#
#o........####
.#..###
#yy..##......#
....#
#@#..##......#
...##
##o..##......#
....#
#§§o..#.....##
....#
#{.........##
...## #..###.#..##
....## #... ######
.....# #... .....#
..... ...###
#.....


You could see 2 killer bees, an orc wizard and 2 orcs.

Vanquished Creatures
  Pikel (D:4)
  Sigmund (D:4)
  Duvessa (D:4)
  A black bear (D:4)
  A phantom (D:3)
  A scorpion (D:4)
  Dowan (D:4)
  3 killer bees (D:4)
  An iguana (D:4)
  2 orc wizards (D:4)
  4 gnolls (D:4)
  3 adders
  3 worms
  5 dart slugs
  2 orcs (D:3)
  6 ball pythons
  4 bats
  3 endoplasms
  2 giant cockroaches
  9 goblins
  3 hobgoblins
  8 jackals
  3 quokkas
  2 frilled lizards
  6 kobolds
  3 rats (D:1)
79 creatures vanquished.

Notes
Turn   | Place    | Note
-------+----------+-------------------------------------------
     0 | D:1      | avis the Hill Orc Monk began the quest for the Orb.
     0 | D:1      | Reached XP level 1. HP: 19/19 MP: 1/1
   238 | D:1      | Reached XP level 2. HP: 20/26 MP: 2/2
   252 | D:1      | Reached skill level 5 in Axes
   489 | D:1      | Reached XP level 3. HP: 31/31 MP: 3/3
   979 | D:2      | Identified the +3 spear "Ratanet" {speed, Str+2}
  1116 | D:2      | Reached skill level 6 in Axes
  1406 | D:2      | Reached XP level 4. HP: 39/39 MP: 4/4
  2049 | D:3      | Found a snail-covered altar of Cheibriados.
  2276 | D:3      | Found a stormy altar of Qazlal.
  2702 | D:4      | Noticed Duvessa
  2702 | D:4      | Noticed Dowan
  2706 | D:4      | Noticed a phantom
  2718 | D:3      | Killed a phantom
  2719 | D:3      | Reached skill level 7 in Axes
  2719 | D:3      | Reached XP level 5. HP: 39/46 MP: 5/5
  2757 | D:4      | Killed Duvessa
  2758 | D:4      | Reached skill level 8 in Axes
  2758 | D:4      | Reached XP level 6. HP: 19/52 MP: 6/6
  2965 | D:4      | Killed Dowan
  2966 | D:4      | Reached skill level 9 in Axes
  3052 | D:4      | Noticed a black bear
  3066 | D:4      | Killed a black bear
  3119 | D:4      | Reached XP level 7. HP: 59/59 MP: 7/7
  3142 | D:4      | Reached skill level 10 in Axes
  3142 | D:4      | Reached skill level 1 in Armour
  3177 | D:4      | Noticed Sigmund
  3188 | D:4      | Killed Sigmund
  3189 | D:4      | Reached skill level 11 in Axes
  3279 | D:4      | Found a shimmering blue altar of Sif Muna.
  3581 | D:4      | Noticed Pikel
  3613 | D:4      | Reached skill level 1 in Shields
  3613 | D:4      | Reached XP level 8. HP: 29/66 MP: 8/8
  3633 | D:4      | Killed Pikel
  3634 | D:4      | Reached skill level 13 in Axes
  3636 | D:4      | Succumbed to a killer bee's poison

Illustrated notes

Levels and vault maps discovered:
D:1:      dpeg_arrival_snail, layout_basic
D:2:      layout_loops_ring
D:3:      layout_loops_ring, grunt_qazlal_clouds, slow_altar_2, corexii_shack
D:4:      layout_cave_pools, led_sif_book, chequers_serial_rivers_large_b,
          kennysheep_small_circle, uniq_duvessa, uniq_pikel, uniq_sigmund

Skill      XL: |  1  2  3  4  5  6  7  8 |
---------------+-------------------------+-----
Axes           | 5 6 7 8 9 11 13 | 13.4
Fighting       | 4 |  4.0
Armour         | 1 2 |  2.0
Shields        | 1 |  1.0
Dodging        | |  2.4

Action                     |  1- 3 |  4- 6 |  7- 9 || total
---------------------------+-------+-------+-------++-------
  Melee: Hand axe          |    30 |       |       ||    30
         Flail             |    35 |    39 |    43 ||   117
         Spear             |    33 |    69 |    70 ||   172
   Fire: Sling             |       |     1 |       ||     1
  Evoke: Wand              |       |       |     4 ||     4
    Use: Potion            |       |       |     1 ||     1
 Armour: Ring mail         |    41 |     1 |       ||    42
         Chain mail        |       |    24 |    80 ||   104
  Dodge: Dodged            |    42 |    36 |    76 ||   154
  Block: Kite shield       |     9 |    63 |    97 ||   169
         Reflection        |       |     5 |     2 ||     7

Table legend: (Time is in decaauts)
 A = Elapsed time spent in this place.
 B = Non-inter-level travel time spent in this place.
 C = Inter-level travel time spent in this place.
 D = Time resting spent in this place.
 E = Time spent auto-exploring this place.
 F = Levels seen in this place.
 G = Mean time per level.
                   A        B        C        D        E       F      G
               +--------+--------+--------+--------+--------+-----+--------+
         Total |   3626 |   3129 |    497 |    262 |   2039 |   4 |  906.5 |
       Dungeon |   3626 |   3129 |    497 |    262 |   2039 |   4 |  906.5 |
               +--------+--------+--------+--------+--------+-----+--------+

Top non-repeatable levels by time:
     D:3: 1050 daAuts
     D:1: 1015 daAuts
     D:2: 916 daAuts
     D:4: 643 daAuts
